AoeStats
← willrhyd

Black Forest

510338450Analyzed
3v3 RM · 2d ago on Sep 30, 2026· 39m 8s· 6 players
Game mode
Random Map
Map size
Normal (6 player)
Population
200
Speed
Normal
Resources
Standard
Victory
Conquest
Starting age
Dark Age
Ending age
Imperial Age
RankedLock teamsTeams togetherTeam positionsShared explorationLock speedFull tech treeHidden civsTurbo modeCheats
Victory
Defeat
🇪🇨 Turks · Ecuador
1425
+17
🇬🇧 Persians · United Kingdom
1382
+19
🇺🇸 Bohemians · United States
1365
+20
🇩🇪 Japanese · Germany
1493
-20
🇭🇺 Teutons · Hungary
1473
-20
🇫🇷 Huns · France
1380
-16
[ECU] QUITUS
0:28 Loom
15:11 Feudal Age
15:34 Man-at-Arms
17:55 Forging
17:48 Scale Mail Armor
25:14 Castle Age
23:16 Double-Bit Axe
23:23 Horse Collar
24:22 Gold Mining
25:24 Long Swordsman
26:48 Wheelbarrow
27:48 Stone Mining
35:15 Imperial Age
33:25 Gold Shaft Mining
32:52 Heavy Plow
33:24 Bow Saw
37:38 Padded Archer Armor
38:00 Scale Barding Armor
jesusinatree
4:04 Loom
12:14 Feudal Age
17:29 Fletching
17:28 Horse Collar
18:32 Double-Bit Axe
23:01 Castle Age
26:13 Chemistry
28:07 Imperial Age
27:04 Padded Archer Armor
35:46 Pikeman
36:28 Scale Mail Armor
36:38 Forging
36:31 Halberdier
willrhyd
12:29 Feudal Age
16:22 Castle Age
14:42 Horse Collar
14:48 Double-Bit Axe
15:21 Scale Barding Armor
15:53 Bloodlines
17:07 Bow Saw
21:58 Fishing Lines
24:29 Wheelbarrow
26:20 Hand Cart
29:58 Imperial Age
28:05 Chain Barding Armor
27:55 Forging
27:32 Loom
28:36 Husbandry
30:58 Plate Barding Armor
30:59 Iron Casting
29:46 Cavalier
31:47 Chemistry
31:11 Savar
32:47 Heavy Plow
36:56 Caravan
38:46 Blast Furnace
PZ|NagyGeri1
0:42 Loom
10:38 Feudal Age
11:19 Double-Bit Axe
11:47 Man-at-Arms
17:07 Horse Collar
23:06 Castle Age
24:48 Bow Saw
25:35 Town Watch
26:31 Wheelbarrow
26:45 Gold Mining
31:33 Scale Barding Armor
33:01 Bloodlines
34:57 Forging
36:40 Chain Barding Armor
37:01 Heavy Plow
Bee Water
3:21 Loom
10:50 Feudal Age
11:31 Double-Bit Axe
13:23 Gold Mining
16:39 Castle Age
16:43 Fletching
19:02 Wheelbarrow
21:33 Bow Saw
23:39 Gold Shaft Mining
22:55 Horse Collar
24:54 Heavy Plow
29:04 Imperial Age
26:56 Fishing Lines
30:18 Conscription
30:53 Bodkin Arrow
31:31 Bloodlines
31:21 Husbandry
31:30 Heavy Cavalry Archer
32:48 Bracer
35:02 Thumb Ring
35:25 Ballistics
AmyLasE-
0:57 Loom
12:05 Feudal Age
12:05 Man-at-Arms
13:24 Arson
15:46 Horse Collar
16:01 Double-Bit Axe
22:11 Wheelbarrow
22:01 Fishing Lines
23:50 Gold Mining
28:35 Castle Age
31:00 Gillnets
31:06 Town Watch
31:46 Bow Saw
34:10 Imperial Age
31:37 Stone Mining
33:02 Gold Shaft Mining
34:05 Scale Mail Armor
34:15 Forging
35:07 Chain Mail Armor
34:14 Pikeman
34:56 Squires
Connection lost

Rejoining the realm…

Still unreachable

The connection could not be restored.

Session expired

The server has moved on; the page needs a fresh start.